 Dungeon Sprint DCSS version 0.30-a0-223-gcb0039aa0c (webtiles) character file.

Game seed: 3041120129472130343

9544 rocky1 the Nimble (level 11, -14/89 HPs)
             Began as a Djinni Fire Elementalist on Oct 10, 2022.
             Was an Initiate of Gozag.
             Demolished by Rupert
             ... wielding a +1 vorpal great mace
              (22 damage)
             ... in the Dungeon (Sprint III: "The Ten Rune Challenge").
             The game lasted 00:22:57 (2767 turns).

rocky1 the Nimble (Djinni Fire Elementalist)        Turns: 2767, Time: 00:22:57

Health: -14/89     AC: 18    Str:  7    XL:     11   Next: 76%
Gold:   2809       EV: 17    Int: 21    God:    Gozag SH:  0 Dex: 20

rFire   + + .      SeeInvis +    x - +12 pair of quick blades "Gyre" and "Gimble" {protect}
rCold   + . .      Faith    .    (shield currently unavailable)
rNeg    . . .      Spirit   .    t - +4 ring mail {rC+}
rPois   ∞          Reflect  .    (no helmet)
rElec   .          Harm     .    (no cloak)
rCorr   .          Rampage  .    (no gloves)
Will    +....      NoTele   +    (boots unavailable)
Stlth   ++........               (no amulet)
HPRegen 0.34/turn                y - ring "Hunt" {+Blink rC+ SInv Stlth+}
MPRegen 0.00/turn                r - +6 ring of dexterity

@: confused, under a protective aura, flying
A: sickness immunity, fire resistance 2, cold vulnerability 1, float, innate
caster, HP casting, extra vitality 1
a: Renounce Religion, Evoke Blink, Potion Petition, Call Merchant, Bribe Branch


You were in the Dungeon.
You worshipped Gozag.
Gozag was most pleased with you.
You visited 1 branch You collected 6581 gold pieces.
You spent 2336 gold pieces at shops.
You paid 1436 gold pieces to Gozag.

Inventory:

Hand Weapons
 n - a +1 long sword of holy wrath
 x - the +12 pair of quick blades "Gyre" and "Gimble" (weapon) {protect}
   (You found it in the Dungeon)

   It grants its wielder temporary protection when it strikes (+7 to AC).
 C - a +4 eveningstar of freezing
Missiles
 v - 3 silver javelins
 A - 3 curare-tipped darts
 D - 6 javelins
Armour
 t - a +4 ring mail of cold resistance (worn)
Magical Staves
 i - a staff of fire
 B - a staff of death
Jewellery
 r - a +6 ring of dexterity (right hand)
 u - a ring of protection from cold
 y - the ring "Hunt" (left hand) {+Blink rC+ SInv Stlth+}
   (You found it in the Dungeon)

   [ring of protection from cold]

   rC:        It protects you from cold.
   SInv:      It lets you see invisible.
   +Blink:    It lets you blink.
   Stlth:     It makes you more stealthy.
 z - a ring of willpower
Wands
 c - a wand of digging (4)
 f - a wand of quicksilver (8)
 h - a wand of flame (18)
Scrolls
 g - a scroll of silence
 j - 2 scrolls of poison
 l - a scroll of enchant weapon
 p - a scroll of amnesia {unknown}
 s - 3 scrolls of butterflies
 w - a scroll of enchant armour {unknown}
Potions
 a - a potion of attraction
 b - 2 potions of curing
 d - 2 potions of haste
 e - a potion of lignification
 m - 6 potions of mutation
 o - a potion of might
 F - 2 potions of resistance
Miscellaneous
 q - a phial of floods
 E - a condenser vane


   Skills:
 - Level 12.2 Fighting
 + Level 3.6(6.9) Short Blades
 - Level 9.2(9.5) Long Blades
 - Level 1.6 Staves
 - Level 9.6 Armour
 - Level 13.4 Dodging
 + Level 8.3 Stealth
 + Level 11.2 Spellcasting
 + Level 4.1 Evocations


You had 5 spell levels left.
You knew the following spells:

 Your Spells              Type           Power      Damage    Failure   Level
a - Foxfire               Conj/Fire      100%       2x1d9     1%          1
b - Scorch                Fire           100%       2d10      1%          2
c - Kindle Blastsparks    Fire/Tloc/Air  100%       2d18      1%          3
d - Inner Flame           Hex/Fire       56%        N/A       1%          3
e - Flame Wave            Conj/Fire      56%        2d13      1%          4
f - Summon Small Mammal   Summ           100%       N/A       1%          1
g - Searing Ray           Conj           100%       2d8       1%          2
h - Frozen Ramparts       Ice            100%       1d16      1%          3
i - Ozocubu's Armour      Ice            56%        N/A       1%          3
j - Borgnjor's Vile Clut  Necr/Erth      28%        N/A       4%          5
Your spell library was empty.

Dungeon Overview and Level Annotations

Branches:
Dungeon (1/1)

Altars:
Cheibriados
Dithmenos
Elyvilon
Fedhas
Gozag
Hepliaklqana
Makhleb
Nemelex Xobeh
Okawaru
Qazlal
Ru
Trog
Uskayaw
Wu Jian
Xom
Yredelemnul
Zin
The Shining One
Jiyva
Lugonu

Shops:
D **=

Annotations:
D Rupert


Innate Abilities, Weirdness & Mutations

You are immune to sickness and miasma.
You are immune to poison.
Your flesh is very heat resistant. (rF++)
You are vulnerable to cold. (rC-)
You float through the air rather than walking.
You learn spells naturally, not from books.
Your magical power is your life essence.
You have superior vitality. (+4 MHP)


Message History

You puncture the blink frog! You closely miss the blink frog.
The blink frog hits you!
The blink frog blinks!
The blink frog barely misses you.
You barely miss the blink frog. You puncture the blink frog!
You puncture the blink frog!
You kill the blink frog!
Your Evocations skill increases to level 4!
No target in view!
No target in view!
You now have 2809 gold pieces (gained 54).
You reach down and open the door.
Rupert the Wild comes into view.
He is wielding a +1 vorpal great mace.
There is an open door here.
The helpless Rupert fails to defend himself.
You perforate Rupert like a sieve!!!
Your weapon exudes an aura of protection.
You puncture Rupert! You closely miss Rupert. x2
You barely miss Rupert. You hit Rupert. Rupert roars wildly at you.
You are confused.
You are too confused!
You are too confused!
You puncture Rupert! You hit Rupert.
You bump into the rock wall.
Rupert roars madly and goes into a rage!
Rupert goes berserk!
You bump into the rock wall.
Rupert hits you with a +1 vorpal great mace!!
Rupert closely misses you.
You're too confused to move!
Rupert misses you.
You hit Rupert. x2
Rupert hits you with a +1 vorpal great mace!
You bump into the rock wall.
Rupert hits you with a +1 vorpal great mace!!
* * * LOW HITPOINT WARNING * * *
x2 You bump into the rock wall.
Rupert closely misses you.
Rupert hits you with a +1 vorpal great mace!!
You die...
Your body crumbles into a pile of gold.

#..# #.. ####....#___#__+...
▓▓▓▓▓▓▓▓▓▓▓▓▓▓▓▓▓▓▓▓▓▓▓▓▓▓▓▓
+~≈≈§§§≈~~♣♣.........~~~
#~≈≈~§§~~~♣♣.≈≈≈≈+..'.≈≈
#..§§§§≈..~'.....#.~....
#≈~§~§§§~≈♣♣♣♣♣♣♣#....∩.
$#~≈≈~.~≈~≈♣ ###'...
#+####'#######♣ ♣♣♣♣.##.
..........@@...♣ ♣...##.#
#+#############+ ♣♣.##.##
♣..#.## ♣♣.##.# ♣♣.##.#
♣.....# #######


You could see Rupert (berserk).

Vanquished Creatures
  2 hydras (D)
  Erolcha (D)
  An orc high priest (D)
  Urug (D)
  A lindwurm (D)
  A deep elf pyromancer (D)
  2 cane toads (D)
  A rime drake (D)
  A komodo dragon (D)
  3 wandering mushrooms (D)
  2 tyrant leeches (D)
  5 blink frogs (D)
  A shadow (D)
  5 redbacks (D)
  2 hydra simulacra (D)
  A black mamba simulacrum (D)
  5 orc warriors (D)
  A swamp drake (D)
  5 two-headed ogres (D)
  A water elemental (D)
  A necrophage (D)
  An electric eel (D)
  A jelly (D)
  Jessica (D)
  A wizard (D)
  A necromancer (D)
  An orc wizard (D)
  A polar bear simulacrum (D)
  A kobold demonologist (D)
  3 humans (D)
  A phantom (D)
  11 orcs (D)
  An endoplasm (D)
  A rat (D)
68 creatures vanquished.

Vanquished Creatures (others)
  54 foxfires (D)
  3 plants (D)
57 creatures vanquished.

Grand Total: 125 creatures vanquished

Notes
Turn   | Place    | Note
-------+----------+-------------------------------------------
     0 | D        | rocky1 the Djinni Fire Elementalist began the quest for the
                  | Orb.
     0 | D        | rocky1 set off with the following spells memorised:
                  | Foxfire, Scorch, Kindle Blastsparks, Inner Flame, Flame
                  | Wave.
     0 | D        | Reached XP level 1. HP: 15/15 MP: 0/0
    34 | D        | Noticed Jessica
    38 | D        | Killed Jessica
    39 | D        | Reached skill level 3 in Dodging
    39 | D        | Reached XP level 2. HP: 21/24 MP: 0/0
    39 | D        | Reached XP level 3. HP: 26/29 MP: 0/0
    39 | D        | Learned a level 1 spell: Summon Small Mammal
   108 | D        | Reached skill level 4 in Dodging
   108 | D        | Reached XP level 4. HP: 26/34 MP: 0/0
   267 | D        | Noticed a water elemental
   271 | D        | Killed a water elemental
   272 | D        | Reached skill level 5 in Dodging
   272 | D        | Reached skill level 5 in Spellcasting
   272 | D        | Reached XP level 5. HP: 22/41 MP: 0/0
   272 | D        | Learned a level 2 spell: Searing Ray
   349 | D        | Found a glowing silver altar of Zin.
   349 | D        | Found a glowing golden altar of the Shining One.
   349 | D        | Found a white marble altar of Elyvilon.
   349 | D        | Noticed a deep elf pyromancer
   352 | D        | Killed a deep elf pyromancer
   353 | D        | Reached skill level 7 in Dodging
   353 | D        | Reached XP level 6. HP: 45/51 MP: 0/0
   353 | D        | Reached XP level 7. HP: 50/57 MP: 0/0
   353 | D        | Learned a level 3 spell: Frozen Ramparts
   378 | D        | Found a hide-covered altar of Uskayaw.
   378 | D        | Found an iron altar of Okawaru.
   378 | D        | Found a bloodstained altar of Trog.
   378 | D        | Found an ornate altar of the Wu Jian Council.
   378 | D        | Noticed a human
   378 | D        | Noticed a human
   382 | D        | Killed a human
   383 | D        | Reached skill level 1 in Long Blades
   383 | D        | Reached skill level 8 in Dodging
   383 | D        | Killed a human
   384 | D        | Reached XP level 8. HP: 53/64 MP: 0/0
   476 | D        | Found a basalt altar of Yredelemnul.
   476 | D        | Found a shadowy altar of Dithmenos.
   476 | D        | Found a sacrificial altar of Ru.
   483 | D        | Reached skill level 1 in Armour
   548 | D        | Noticed a shadow
   550 | D        | Killed a shadow
   581 | D        | Found a blossoming altar of Fedhas.
   581 | D        | Found a stormy altar of Qazlal.
   581 | D        | Found a snail-covered altar of Cheibriados.
   581 | D        | Found a burning altar of Makhleb.
   581 | D        | Found a shimmering altar of Xom.
   582 | D        | Found a hazy altar of Hepliaklqana.
   582 | D        | Found an opulent altar of Gozag.
   582 | D        | Found a sparkling altar of Nemelex Xobeh.
   582 | D        | Found a corrupted altar of Lugonu.
   582 | D        | Found a viscous altar of Jiyva.
   587 | D        | Became a worshipper of Gozag Ym Sagoz the Greedy
   729 | D        | Reached skill level 9 in Dodging
  1095 | D        | Noticed a two-headed ogre
  1100 | D        | Killed a two-headed ogre
  1101 | D        | Reached XP level 9. HP: 51/71 MP: 0/0
  1101 | D        | Learned a level 3 spell: Ozocubu's Armour
  1191 | D        | Reached skill level 10 in Dodging
  1191 | D        | Noticed an orc high priest
  1200 | D        | Reached skill level 10 in Spellcasting
  1214 | D        | Noticed a hellwing
  1221 | D        | Killed an orc high priest
  1222 | D        | Reached skill level 5 in Long Blades
  1222 | D        | Reached skill level 5 in Armour
  1445 | D        | Found Koesmos's General Store.
  1495 | D        | Bought a wand of digging (4) for 184 gold pieces
  1495 | D        | Bought a potion of lignification for 33 gold pieces
  1495 | D        | Bought a scroll of blinking for 82 gold pieces
  1495 | D        | Bought a scroll of acquirement for 572 gold pieces
  1495 | D        | Bought a scroll of butterflies for 44 gold pieces
  1495 | D        | Bought a +4 ring mail of cold resistance for 341 gold
                  | pieces
  1495 | D        | Bought a scroll of butterflies for 44 gold pieces
  1495 | D        | Bought a ring of protection from cold for 275 gold pieces
  1495 | D        | Bought 3 silver javelins for 79 gold pieces
  1538 | D        | Noticed Erolcha
  1539 | D        | Noticed a two-headed ogre
  1543 | D        | Killed Erolcha
  1544 | D        | Reached skill level 11 in Dodging
  1544 | D        | Reached XP level 10. HP: 69/80 MP: 0/0
  1547 | D        | Reached skill level 10 in Fighting
  1684 | D        | Reached skill level 12 in Dodging
  1736 | D        | Acquired a staff of fire
  1744 | D        | Noticed a cane toad
  1744 | D        | Noticed a komodo dragon
  1744 | D        | Noticed a cane toad
  1749 | D        | Killed a cane toad
  1750 | D        | Killed a cane toad
  1751 | D        | Killed a komodo dragon
  1754 | D        | Noticed a lindwurm
  1819 | D        | Noticed a rime drake
  1824 | D        | Killed a rime drake
  1825 | D        | Reached XP level 11. HP: 82/87 MP: 0/0
  1825 | D        | Learned a level 5 spell: Borgnjor's Vile Clutch
  1860 | D        | Killed a lindwurm
  1861 | D        | Reached skill level 13 in Dodging
  2001 | D        | Found the +12 pair of quick blades "Gyre" and "Gimble"
                  | {protect}
  2001 | D        | Noticed a seven-headed hydra
  2001 | D        | Noticed a five-headed hydra
  2169 | D        | Killed a five-headed hydra
  2355 | D        | Killed a seven-headed hydra
  2356 | D        | Reached skill level 1 in Staves
  2475 | D        | Identified the ring "Hunt" {+Blink rC+ SInv Stlth+}
  2596 | D        | Noticed Urug
  2598 | D        | Killed Urug
  2599 | D        | Reached skill level 1 in Short Blades
  2656 | D        | Bought a scroll of identify for 22 gold pieces
  2656 | D        | Bought a condenser vane for 440 gold pieces
  2656 | D        | Bought a potion of resistance for 110 gold pieces
  2656 | D        | Bought a potion of resistance for 110 gold pieces
  2754 | D        | Noticed Rupert
  2767 | D        | Demolished by Rupert

Illustrated notes

Levels and vault maps discovered:
D:        dungeon_sprint_mu [sprint_mu_entry_cave, sprint_mu_temple_rooms,
          sprint_mu_d1_spiders, sprint_mu_d2_genie, sprint_mu_d3_branching,
          sprint_mu_orc_legion, sprint_mu_elf_gauntlet, sprint_mu_hive_nellie,
          sprint_mu_lair_fedhas, sprint_mu_vaults_butterflies,
          sprint_mu_slime_circle, sprint_mu_shoals_kraken,
          sprint_mu_snake_twists, sprint_mu_blade_basic,
          sprint_mu_crypt_fortress, sprint_mu_tomb_spiral,
          sprint_mu_vestibule_basic, sprint_mu_gehenna_hellfire,
          sprint_mu_dis_giant, sprint_mu_tartarus_statrot,
          sprint_mu_cocytus_islands, sprint_mu_zot1]

Skill      XL: |  1  2  3  4  5  6  7  8  9 10 11 |
---------------+----------------------------------+-----
Fighting       | 2 3 6 7 8 9 11 12 | 12.2
Dodging        | 3 4 5 7 8 9 11 12 13 | 13.4
Stealth        | 2 3 4 6 7 8 |  8.3
Spellcasting   | 3 4 5 7 8 9 10 11 | 11.2
Long Blades    | 2 4 6 8 9 |  9.2
Armour         | 3 6 8 9 |  9.6
Staves         | 1 |  1.6
Short Blades   | 3 |  3.6
Evocations     | 4 |  4.1

Action                   |  1- 3 |  4- 6 |  7- 9 | 10-12 || total
-------------------------+-------+-------+-------+-------++-------
Melee: Unarmed           |     3 |       |       |       ||     3
       Long sword        |       |       |    26 |    13 ||    39
       Punch             |       |       |     1 |     2 ||     3
       Pair of quick bla |       |       |       |    31 ||    31
       Staff             |       |       |       |     5 ||     5
 Cast: Foxfire           |     4 |       |     4 |    23 ||    31
       Scorch            |     7 |     7 |    39 |    35 ||    88
       Frozen Ramparts   |       |       |     4 |     1 ||     5
       Kindle Blastspark |       |       |     3 |       ||     3
       Inner Flame       |       |       |     6 |       ||     6
       Ozocubu's Armour  |       |       |     1 |       ||     1
       Flame Wave        |       |       |       |     2 ||     2
Invok: Call Merchant     |       |       |       |     2 ||     2
  Use: Scroll            |       |       |     1 |     6 ||     7
       Potion            |       |       |     5 |       ||     5
 Stab: Sleeping          |       |       |       |     5 ||     5
Armor: Ring mail         |       |       |     5 |    20 ||    25
Dodge: Dodged            |     6 |       |    23 |    38 ||    67

Table legend: (Time is in decaauts)
 A = Elapsed time spent in this place.
 B = Non-inter-level travel time spent in this place.
 C = Inter-level travel time spent in this place.
 D = Time resting spent in this place.
 E = Time spent auto-exploring this place.
 F = Levels seen in this place.
 G = Mean time per level.
                   A        B        C        D        E       F      G
               +--------+--------+--------+--------+--------+-----+--------+
         Total |   2751 |   2751 |      0 |   1657 |      0 |   1 | 2751.0 |
       Dungeon |   2751 |   2751 |      0 |   1657 |      0 |   1 | 2751.0 |
               +--------+--------+--------+--------+--------+-----+--------+

Top non-repeatable levels by time:
       D: 2751 daAuts
